AoeStats
← ME_DEPRIME_JUGAR_CON_USTEDES

Arena

507959219Analyzed
4v4 RM · 10d ago on Sep 20, 2026· 40m 31s· 8 players
Game mode
Random Map
Map size
Large (8 player)
Population
200
Speed
Normal
Resources
Standard
Victory
Conquest
Starting age
Dark Age
Ending age
Imperial Age
RankedLock teamsTeams togetherTeam positionsShared explorationLock speedFull tech treeHidden civsTurbo modeCheats
Victory
Defeat
🇨🇳 Wu · China
1755
+9
🇨🇳 Lithuanians · China
1657
+13
🇨🇳 Teutons · China
1552
+17
🇧🇷 Italians · Brazil
1525
+18
🇩🇪 Koreans · Germany
1618
-16
1586
-14
🇻🇳 Italians · Vietnam
1583
-14
🇮🇳 Bengalis · India
1544
-13
ME_DEPRIME_JUGAR_CON_USTEDES
4:38 Loom
12:12 Feudal Age
16:11 Castle Age
14:04 Double-Bit Axe
14:17 Horse Collar
17:25 Wheelbarrow
22:00 Gold Mining
26:48 Padded Archer Armor
30:23 Leather Archer Armor
30:47 Bow Saw
33:04 Bloodlines
34:16 Fletching
40:26 Imperial Age
38:38 Husbandry
39:17 Hand Cart
40:12 Scale Mail Armor
40:22 Forging
Ra
10:56 Feudal Age
9:13 Loom
10:58 Feudal Age
15:10 Castle Age
14:05 Double-Bit Axe
17:18 Horse Collar
18:18 Bow Saw
26:53 Imperial Age
25:05 Forging
25:30 Fletching
25:43 Scale Mail Armor
26:35 Squires
27:41 Iron Casting
27:23 Crossbowman
27:54 Fletching
28:26 Gold Mining
31:20 Arbalester
31:56 Bodkin Arrow
33:08 Chemistry
32:43 Thumb Ring
34:16 Ballistics
34:48 Elite Fire Lancer
37:38 Chain Mail Armor
37:59 Stone Mining
39:04 Plate Mail Armor
38:58 Man-at-Arms
This is Kawaii
10:10 Feudal Age
13:48 Castle Age
12:25 Double-Bit Axe
12:28 Horse Collar
14:46 Bow Saw
16:42 Loom
23:20 Imperial Age
21:01 Gold Mining
22:39 Fletching
39:14 Bodkin Arrow
NotATeamPlayer
11:49 Feudal Age
12:49 Double-Bit Axe
15:54 Castle Age
13:36 Horse Collar
16:50 Bow Saw
17:45 Wheelbarrow
22:26 Loom
28:44 Imperial Age
26:31 Hand Cart
26:27 Gold Mining
26:28 Stone Mining
27:17 Scale Barding Armor
27:23 Forging
28:24 Town Watch
28:40 Padded Archer Armor
29:01 Chain Barding Armor
29:32 Bloodlines
29:22 Husbandry
29:19 Elite Battle Elephant
30:35 Plate Barding Armor
33:55 Pikeman
34:35 Squires
34:21 Gambesons
34:58 Halberdier
35:39 Scale Mail Armor
39:30 Chain Mail Armor
39:51 Iron Casting
张宇腾
10:57 Feudal Age
12:00 Double-Bit Axe
15:02 Castle Age
12:54 Horse Collar
16:36 Bow Saw
16:30 Heavy Plow
18:51 Wheelbarrow
18:21 Loom
22:01 Town Watch
22:32 Hand Cart
23:16 Stone Mining
23:17 Gold Mining
24:48 Stone Shaft Mining
26:16 Treadmill Crane
29:07 Imperial Age
26:53 Scale Barding Armor
27:05 Forging
27:42 Bloodlines
27:32 Husbandry
27:56 Chain Barding Armor
28:37 Ballistics
28:59 Iron Casting
29:38 Fortified Wall
29:15 Elite Leitis
30:16 Conscription
30:35 Plate Barding Armor
31:11 Guilds
31:36 Fletching
32:49 Chemistry
32:19 Bodkin Arrow
32:38 Masonry
33:05 Bracer
33:08 Scale Mail Armor
33:08 Padded Archer Armor
33:22 Town Patrol
37:54 Two-Man Saw
37:26 Crop Rotation
37:29 Architecture
38:15 Hoardings
儒门大吊-日食
11:21 Feudal Age
13:36 Double-Bit Axe
15:59 Castle Age
13:55 Horse Collar
17:28 Wheelbarrow
18:56 Wheelbarrow
23:27 Bow Saw
24:44 Heavy Plow
27:18 Loom
30:10 Imperial Age
28:03 Scale Barding Armor
28:08 Forging
27:53 Gold Mining
28:42 Husbandry
28:53 Bloodlines
29:42 Chain Barding Armor
29:54 Hand Cart
30:31 Coinage
30:12 Heavy Hei Guang Cavalry
31:28 Plate Barding Armor
32:32 Conscription
33:33 Iron Casting
32:58 Scale Mail Armor
32:20 Pikeman
33:01 Squires
34:26 Banking
35:42 Blast Furnace
36:54 Two-Man Saw
38:17 Gold Shaft Mining
37:34 Stone Mining
37:25 Halberdier
38:16 Scale Mail Armor
39:16 Chain Mail Armor
40:28 Plate Mail Armor
40:04 Arson
儒门_重农抑商
10:31 Feudal Age
14:42 Castle Age
13:06 Loom
13:11 Double-Bit Axe
13:38 Horse Collar
15:41 Town Watch
16:44 Bow Saw
23:09 Wheelbarrow
23:44 Heavy Plow
27:55 Imperial Age
25:38 Scale Mail Armor
26:10 Squires
26:56 Hand Cart
26:56 Forging
27:01 Chain Mail Armor
26:47 Padded Archer Armor
27:09 Gold Mining
26:45 Pikeman
28:40 Leather Archer Armor
29:38 Chemistry
29:11 Man-at-Arms
30:27 Chain Mail Armor
31:23 Conscription
32:42 Fortified Wall
33:54 Halberdier
34:38 Elite Skirmisher
36:47 Iron Casting
36:47 Fletching
37:28 Ring Archer Armor
37:37 Plate Mail Armor
39:48 Caravan
40:19 Coinage
逆·风
11:22 Feudal Age
15:18 Castle Age
13:36 Double-Bit Axe
14:32 Loom
14:45 Horse Collar
14:59 Fletching
16:09 Heavy Plow
21:14 Fletching
21:26 Padded Archer Armor
23:58 Town Watch
24:43 Bodkin Arrow
27:15 Wheelbarrow
27:28 Leather Archer Armor
27:25 Bow Saw
31:53 Hand Cart
32:06 Masonry
34:15 Ballistics
35:33 Scale Mail Armor
35:44 Forging
35:28 Gold Mining
35:29 Stone Mining
35:21 Treadmill Crane
35:37 Murder Holes
35:15 Pikeman
35:56 Squires
35:42 Arson
39:05 Imperial Age
37:24 Chain Mail Armor
37:40 Fortified Wall
38:36 Elite Skirmisher
39:22 Thumb Ring
40:53 Chemistry
40:48 Architecture
Connection lost

Rejoining the realm…

Still unreachable

The connection could not be restored.

Session expired

The server has moved on; the page needs a fresh start.